[Event "FRA-chT Top 12 2019"]
[Site "Brest"]
[Date "2019.05.18"]
[Round "1.1"]
[White "Donchenko, Alexander"]
[Black "Nihal Sarin"]
[Result "1-0"]
[ECO "E47"]
[WhiteElo "2595"]
[BlackElo "2598"]
[Annotator "RC"]
[PlyCount "77"]
[EventDate "2019.05.18"]
[EventType "team-tourn"]
[EventCountry "FRA"]
[SourceTitle "playchess.com"]
[Source "ChessBase"]
[SourceQuality "1"]
[TimeControl "40/5400+30:1800+30"]

1. d4 Nf6 2. c4 e6 3. Nc3 Bb4 4. e3 O-O 5. Bd3 c5 6. Nf3 d5 7. O-O cxd4 8. exd4 dxc4 9. Bxc4 b6 10. Bg5 Bb7 11. Ne5 Nbd7 12. Qe2 Bxc3 13. bxc3 Rc8 14. Rac1 Nxe5 15. dxe5 Rc5 16. Bd3 Qc7 17. Bxf6 gxf6 18. Qh5 f5 19. Qg5+ Kh8 20. Qf6+ Kg8 21. Rfe1 Qd8 22. Qh6 Kh8 23. Rcd1 Rg8 24. Bxf5 Rxg2+ 25. Kf1 Rg1+ 26. Kxg1 Qg8+ 27. Bg6 Bd5 28. Qxh7+ Qxh7 29. Bxh7 Kxh7 30. Re3 Kg6 31. Rd4 Rb5 32. Rb4 Ra5 33. Rf4 Kg7 34. c4 Ra4 35. Rd3 Kf8 36. Rdd4 Bc6 37. Rd6 Be8 38. Rxe6 Rxa2 39. h4 1-0

[Event "FRA-chT Top 12 2019"]
[Site "Brest"]
[Date "2019.05.18"]
[Round "1.3"]
[White "Bailet, Pierre"]
[Black "Istratescu, Andrei"]
[Result "1/2-1/2"]
[ECO "C42"]
[WhiteElo "2466"]
[BlackElo "2555"]
[Annotator "RC"]
[PlyCount "24"]
[EventDate "2019.05.18"]
[EventType "team-tourn"]
[EventCountry "FRA"]
[SourceTitle "playchess.com"]
[Source "ChessBase"]
[SourceQuality "1"]
[TimeControl "40/5400+30:1800+30"]

1. e4 e5 2. Nf3 Nf6 3. Nxe5 d6 4. Nf3 Nxe4 5. d4 Be7 6. Bd3 d5 7. O-O Nc6 8. Nbd2 Nxd2 9. Bxd2 Bg4 10. c3 O-O 11. h3 Bh5 12. Re1 Bd6 1/2-1/2

[Event "FRA-chT Top 12 2019"]
[Site "Brest"]
[Date "2019.05.18"]
[Round "1.3"]
[White "Miezis, Normunds"]
[Black "Efimov, Igor"]
[Result "1-0"]
[ECO "A11"]
[WhiteElo "2456"]
[BlackElo "2439"]
[Annotator "ChessBase"]
[PlyCount "87"]
[EventDate "2019.05.18"]
[EventType "team-tourn"]
[EventCountry "FRA"]
[SourceTitle "playchess.com"]
[Source "ChessBase"]
[SourceQuality "1"]
[TimeControl "40/5400+30:1800+30"]

1. c4 c6 2. e4 e5 3. Nf3 Nf6 4. Nc3 d6 5. d4 Nbd7 6. Be2 Be7 7. O-O O-O 8. Rb1 Re8 9. Re1 Bf8 10. Bf1 h6 11. b4 Nh7 12. a3 Ng5 13. Nxg5 hxg5 14. d5 c5 15. Re3 b6 16. Rg3 Be7 17. Qh5 g6 18. Bxg5 Bxg5 19. Qxg5 Qxg5 20. Rxg5 Nf6 21. Rg3 Bd7 22. Re3 Ng4 23. Re2 f5 24. bxc5 bxc5 25. Reb2 Nf6 26. f3 Kf8 27. Bd3 Re7 28. a4 a5 29. Rb6 Ne8 30. Rb8 Ra7 31. R1b6 Kf7 32. Rd8 f4 33. h4 Kf6 34. Nb5 Bxb5 35. cxb5 Kf7 36. Rbb8 Nf6 37. b6 Rad7 38. Bb5 Rxd8 39. Rxd8 Rb7 40. Rxd6 Rb8 41. Ba6 Ke7 42. Re6+ Kf7 43. Rc6 Ke7 44. b7 1-0

[Event "FRA-chT Top 12 2019"]
[Site "Brest"]
[Date "2019.05.18"]
[Round "1.4"]
[White "Hamdouchi, Hicham"]
[Black "Genzling, Alain"]
[Result "1-0"]
[ECO "B34"]
[WhiteElo "2584"]
[BlackElo "2376"]
[Annotator "ChessBase"]
[PlyCount "81"]
[EventDate "2019.05.18"]
[EventType "team-tourn"]
[EventCountry "FRA"]
[SourceTitle "playchess.com"]
[Source "ChessBase"]
[SourceQuality "1"]
[TimeControl "40/5400+30:1800+30"]

1. e4 c5 2. Nf3 Nc6 3. d4 cxd4 4. Nxd4 Nf6 5. Nc3 e5 6. Ndb5 d6 7. Na3 Be6 8. Bg5 Rc8 9. Nc4 Nd4 10. Ne3 Qa5 11. Bd3 Be7 12. O-O O-O 13. Bxf6 Bxf6 14. Ncd5 Bg5 15. c3 Nc6 16. Be2 Bxe3 17. Nxe3 Rfd8 18. Bg4 Qc7 19. Bxe6 fxe6 20. Qg4 Qf7 21. Rad1 Ne7 22. Rd2 d5 23. Rfd1 Rf8 24. Qg3 Qf4 25. exd5 Qxg3 26. hxg3 exd5 27. Nxd5 Nc6 28. Ne3 Rc7 29. f3 h6 30. g4 Kh7 31. Nf5 Rff7 32. Nd6 Rf8 33. Ne4 Rff7 34. Rd6 Ne7 35. Kf2 Ng6 36. g3 Rc6 37. Rxc6 bxc6 38. Rd6 Rb7 39. b3 Rc7 40. Nc5 Nf8 41. Ke3 1-0

[Event "FRA-chT Top 12 2019"]
[Site "Brest"]
[Date "2019.05.18"]
[Round "1.4"]
[White "Villegas, Pierre"]
[Black "Lefebvre, Herve"]
[Result "1-0"]
[ECO "A04"]
[WhiteElo "2354"]
[BlackElo "2291"]
[Annotator "ChessBase"]
[PlyCount "103"]
[EventDate "2019.05.18"]
[EventType "team-tourn"]
[EventCountry "FRA"]
[SourceTitle "playchess.com"]
[Source "ChessBase"]
[SourceQuality "1"]
[TimeControl "40/5400+30:1800+30"]

1. Nf3 c5 2. c4 Nc6 3. b3 e5 4. Bb2 d6 5. Nc3 g6 6. g3 Bg7 7. Bg2 Nge7 8. O-O Bf5 9. h3 Nd4 10. Nh4 Bc2 11. Qc1 g5 12. Nf3 Nxf3+ 13. Bxf3 Bf5 14. Kh2 Qd7 15. d3 O-O-O 16. Bg2 h5 17. a3 Bh6 18. Qd1 Rdg8 19. b4 f6 20. Rb1 Bxh3 21. Bxh3 g4 22. bxc5 gxh3 23. Ne4 dxc5 24. Nxf6 Qc6 25. Ne4 Ng6 26. e3 h4 27. g4 Rd8 28. Qe2 b6 29. Kxh3 Bf4 30. Bc1 Bh6 31. Nc3 Qe6 32. a4 Rhg8 33. a5 Rxd3 34. Nd5 Qxd5 35. f3 Qd6 36. axb6 axb6 37. Rxb6 Qxb6 38. Qxd3 Qc6 39. Qf5+ Kc7 40. Bb2 Rf8 41. Bxe5+ Nxe5 42. Qxe5+ Qd6 43. Qxd6+ Kxd6 44. f4 Re8 45. Rd1+ Ke6 46. Rd5 Bf8 47. Re5+ Kf7 48. Rxe8 Kxe8 49. Kxh4 Kf7 50. e4 Bg7 51. e5 Ke6 52. Kg3 {[%emt 0:00:00] Kd5} 1-0

[Event "FRA-chT Top 12 2019"]
[Site "Brest"]
[Date "2019.05.18"]
[Round "1.5"]
[White "Marcelin, Cyril"]
[Black "Loiseau, Quentin"]
[Result "1-0"]
[ECO "D02"]
[WhiteElo "2451"]
[BlackElo "2471"]
[Annotator "ChessBase"]
[PlyCount "51"]
[EventDate "2019.05.18"]
[EventType "team-tourn"]
[EventCountry "FRA"]
[SourceTitle "playchess.com"]
[Source "ChessBase"]
[SourceQuality "1"]
[TimeControl "40/5400+30:1800+30"]

1. d4 d5 2. Nf3 Nf6 3. c3 Bf5 4. Qb3 Qc8 5. Bf4 e6 6. e3 Nh5 7. Be5 f6 8. Bg3 Nd7 9. c4 c6 10. Nc3 Nxg3 11. hxg3 Bg6 12. Rc1 Nb6 13. cxd5 exd5 14. Nh4 Bf5 15. a4 g5 16. Nxf5 Qxf5 17. a5 Nd7 18. Qxb7 Rb8 19. Qxc6 Rxb2 20. Be2 Bb4 21. Qc8+ Kf7 22. Qxh8 Bxc3+ 23. Rxc3 Rb1+ 24. Bd1 Rxd1+ 25. Kxd1 Qb1+ 26. Rc1 1-0

[Event "FRA-chT Top 12 2019"]
[Site "Brest"]
[Date "2019.05.18"]
[Round "1.5"]
[White "Nezar, Mustapha"]
[Black "Riff, Jean-Noel"]
[Result "1/2-1/2"]
[ECO "E32"]
[WhiteElo "2339"]
[BlackElo "2494"]
[Annotator "ChessBase"]
[PlyCount "62"]
[EventDate "2019.05.18"]
[EventType "team-tourn"]
[EventCountry "FRA"]
[SourceTitle "playchess.com"]
[Source "ChessBase"]
[SourceQuality "1"]
[TimeControl "40/5400+30:1800+30"]

1. d4 Nf6 2. c4 e6 3. Nc3 Bb4 4. Qc2 O-O 5. Nf3 d6 6. Bd2 Nbd7 7. a3 Bxc3 8. Bxc3 Qe7 9. e3 e5 10. Be2 Re8 11. O-O e4 12. Nd2 Nf8 13. Rae1 c6 14. f3 Bf5 15. fxe4 Bg6 16. Bd3 Nxe4 17. Nxe4 Bxe4 18. Bb4 a5 19. Bc3 Ng6 20. Bxe4 Qxe4 21. Qxe4 Rxe4 22. a4 b6 23. b3 Rae8 24. Bd2 Nf8 25. Kf2 Ne6 26. Kg1 g6 27. Rb1 c5 28. d5 Ng7 29. Rf3 f5 30. Re1 Nh5 31. Bc3 Rf8 1/2-1/2

[Event "FRA-chT Top 12 2019"]
[Site "Brest"]
[Date "2019.05.18"]
[Round "1.6"]
[White "Barbot, Pierre"]
[Black "Colin, Vincent"]
[Result "1-0"]
[ECO "E70"]
[WhiteElo "2439"]
[BlackElo "2383"]
[Annotator "NA"]
[PlyCount "83"]
[EventDate "2019.05.18"]
[EventType "team-tourn"]
[EventCountry "FRA"]
[SourceTitle "playchess.com"]
[Source "ChessBase"]
[SourceQuality "1"]
[TimeControl "40/5400+30:1800+30"]

1. d4 Nf6 2. c4 g6 3. Nc3 Bg7 4. e4 d6 5. Bd3 O-O 6. Nge2 c5 7. d5 e6 8. Bg5 h6 9. Bh4 exd5 10. exd5 Nbd7 11. f4 g5 12. Bg3 Ng4 13. Qd2 Bd4 14. Nxd4 cxd4 15. Ne2 Ne3 16. Nxd4 Re8 17. Kf2 Qf6 18. Rhe1 $11 gxf4 19. Kg1 Nc5 20. Bf2 Ne4 21. Bxe4 Rxe4 22. Nf3 Bg4 23. Bxe3 Bxf3 24. Bxa7 Qg6 25. Rxe4 Bxe4 26. Bd4 f3 27. g3 Bb1 28. Qd1 Be4 29. Qd2 Bb1 30. Qd1 Be4 31. Bc3 f2+ 32. Kxf2 Qf5+ 33. Kg1 Bd3 34. Qd2 f6 35. Rd1 Bxc4 36. b3 Ba6 37. Re1 Rc8 38. Qxh6 Kf7 39. Qe3 Qxd5 40. Qe7+ Kg6 41. Qxf6+ Kh5 42. Qh4+ 1-0

[Event "FRA-chT Top 12 2019"]
[Site "Brest"]
[Date "2019.05.18"]
[Round "1.6"]
[White "Dornbusch, Tatiana"]
[Black "Charmeteau, Sven"]
[Result "1/2-1/2"]
[ECO "D77"]
[WhiteElo "2285"]
[BlackElo "2292"]
[Annotator "NA RC"]
[PlyCount "134"]
[EventDate "2019.05.18"]
[EventType "team-tourn"]
[EventCountry "FRA"]
[SourceTitle "playchess.com"]
[Source "ChessBase"]
[SourceQuality "1"]
[TimeControl "40/5400+30:1800+30"]

1. d4 Nf6 2. Nf3 g6 3. g3 Bg7 4. Bg2 O-O 5. c4 d5 6. O-O dxc4 7. Ne5 c5 8. dxc5 Qc7 {[%emt 0:00:25] D77: Fianchetto Grünfeld: 6 0-0: Replies other than 6...c6} 9. c6 (9. Nxc4 Qxc5 10. Nba3 Nc6 11. e4 Rd8 12. Be3 Nd4 13. h3 Be6 14. Rc1 Rac8 15. e5 Ne8 16. Nd6 exd6 17. Rxc5 dxc5 18. Bxb7 {0-1 (38) Ladva,O (2531)-Kantans,T (2531) Viljandi 2017}) 9... Nxc6 10. Nxc6 bxc6 11. Qc2 Be6 12. Na3 $146 ({Predecessor:} 12. Bd2 Nd5 13. Na3 Qe5 14. e4 Qxb2 15. exd5 Bxd5 16. Qxb2 Bxb2 {1-0 (56) Perez Garcia,A (2322)-Dominguez Fernandez,A (1988) Salobrena 2015}) 12... c3 13. Qxc3 Nd5 14. Qc5 Qb6 15. Qxb6 axb6 16. Nc2 Ra4 17. a3 Rc8 18. e4 Nc7 19. Bg5 Bb3 20. Nb4 Ne6 21. Bxe7 Be5 22. Nd3 Bd4 23. Bd6 c5 24. Nf4 Rd8 25. Nxe6 Rxd6 26. Nxd4 Rdxd4 27. f4 Rd2 28. Rf2 Rad4 29. Raf1 Bc4 30. Rxd2 Rxd2 31. Rf2 Rd1+ 32. Bf1 Bd3 33. e5 Rb1 34. a4 c4 35. Kg2 Bxf1+ 36. Rxf1 Rxb2+ 37. Kf3 c3 38. Rc1 c2 39. Ke2 Ra2 40. Kd3 Rxa4 41. Rxc2 Rb4 42. Rc8+ Kg7 43. Kc3 Rb1 44. Rb8 h5 45. Rb7 Kf8 46. Kd4 Rb5 47. Kc4 Rb2 48. Kd5 Rxh2 49. Rxb6 Re2 50. Rb3 Kg7 51. Kd6 Rf2 $11 52. Rb7 Ra2 53. Ke7 Ra4 54. Ke8 Kg8 55. e6 fxe6 56. Ke7 Kg7 57. Kxe6+ Kh6 58. Rb8 Ra3 59. Kf6 Ra6+ 60. Kf7 Kh7 61. Rb5 Ra3 62. Rg5 Ra7+ 63. Kf6 Ra6+ 64. Kf7 Kh6 65. Re5 Ra3 66. Rg5 Ra7+ 67. Kf6 Ra6+ 1/2-1/2

[Event "FRA-chT Top 12 2019"]
[Site "Brest"]
[Date "2019.05.18"]
[Round "1.7"]
[White "Jeanne, Mickael"]
[Black "Ribbegren, Karl Johan"]
[Result "0-1"]
[ECO "B07"]
[WhiteElo "2150"]
[BlackElo "2209"]
[Annotator "NA"]
[PlyCount "74"]
[EventDate "2019.05.18"]
[EventType "team-tourn"]
[EventCountry "FRA"]
[SourceTitle "playchess.com"]
[Source "ChessBase"]
[SourceQuality "1"]
[TimeControl "40/5400+30:1800+30"]

1. e4 d6 2. d4 Nf6 3. Nc3 c6 4. Be2 Nbd7 5. Be3 e5 6. a4 Qc7 7. h3 Be7 8. Nf3 h6 9. O-O g5 10. Nh2 Nf8 11. Ng4 Ng6 12. dxe5 dxe5 13. Nxf6+ Bxf6 14. Bc5 Be7 15. Bxe7 Qxe7 16. Bg4 Bxg4 17. hxg4 Rd8 18. Qf3 Nh4 19. Qe2 Qe6 20. Rad1 h5 21. Rxd8+ Kxd8 22. g3 Ng6 23. Rd1+ Ke7 24. gxh5 Qh3 25. Qd3 Kf8 26. Qd7 Qxh5 27. Kf1 Qf3 28. Ke1 Rh1+ 29. Kd2 Qxf2+ 30. Kc1 Rxd1+ 31. Nxd1 Qxg3 32. Qxb7 Qf4+ 33. Kb1 Qxe4 34. Qxa7 Qe1 35. Qb8+ Kg7 36. Qd6 g4 37. Ka2 g3 0-1

[Event "FRA-chT Top 12 2019"]
[Site "Brest"]
[Date "2019.05.18"]
[Round "1.7"]
[White "Cappon, John"]
[Black "Wirig, Anthony"]
[Result "0-1"]
[ECO "B23"]
[WhiteElo "2094"]
[BlackElo "2516"]
[Annotator "RC"]
[PlyCount "64"]
[EventDate "2019.05.18"]
[EventType "team-tourn"]
[EventCountry "FRA"]
[SourceTitle "playchess.com"]
[Source "ChessBase"]
[SourceQuality "1"]
[TimeControl "40/5400+30:1800+30"]

1. e4 c5 2. Nc3 a6 3. g3 b5 4. Bg2 Bb7 5. d3 e6 6. Nh3 d6 7. O-O Nc6 8. f4 Nf6 9. f5 exf5 10. exf5 Be7 11. Nf4 Rb8 12. Ncd5 O-O 13. Nh5 Ne5 14. Nhxf6+ Bxf6 15. Qh5 Bxd5 16. Bxd5 Nd7 17. Kh1 Nb6 18. Bf3 Re8 19. g4 h6 20. Kg2 c4 21. d4 c3 22. b3 Bxd4 23. g5 hxg5 24. Bxg5 Bf6 25. Bf4 Qc7 26. Rad1 Rbd8 27. Kh1 Qc5 28. Rg1 Qf2 29. Rg2 Re1+ 30. Rxe1 Qxe1+ 31. Rg1 Qf2 32. Bh6 Bd4 0-1

[Event "FRA-chT Top 12 2019"]
[Site "Brest"]
[Date "2019.05.18"]
[Round "1.8"]
[White "Skripchenko, Almira"]
[Black "Monpeurt, Cyrielle"]
[Result "1-0"]
[ECO "A07"]
[WhiteElo "2406"]
[BlackElo "2166"]
[Annotator "NA"]
[PlyCount "82"]
[EventDate "2019.05.18"]
[EventType "team-tourn"]
[EventCountry "FRA"]
[SourceTitle "playchess.com"]
[Source "ChessBase"]
[SourceQuality "1"]
[TimeControl "40/5400+30:1800+30"]

1. Nf3 d5 2. g3 Nf6 3. Bg2 c6 4. O-O Bg4 5. d3 e6 6. Nbd2 Be7 7. h3 Bxf3 8. Bxf3 O-O 9. e4 Qc7 10. Qe2 a5 11. a4 $11 Na6 12. Bg2 Rfe8 13. Nf3 Nd7 14. d4 Rac8 15. c3 Bf8 16. Re1 Nf6 17. e5 Nd7 18. h4 c5 19. h5 cxd4 20. Nxd4 Nac5 21. Bf4 Qd8 22. Nb5 Nb6 23. Qc2 f6 24. Nd4 Nc4 25. Rad1 fxe5 26. Bxe5 Nxe5 27. Rxe5 Qf6 28. f4 Bd6 29. Re2 Kh8 30. Rde1 e5 31. Bxd5 e4 32. Bxe4 Nxe4 33. Rxe4 Red8 34. Kg2 Bc5 35. Ne6 Rg8 36. Ng5 Qf5 37. R4e2 Qd5+ 38. Kh2 g6 39. hxg6 Rxg6 40. Qe4 Rh6+ 41. Kg2 Rd6 1-0

[Event "FRA-chT Top 12 2019"]
[Site "Brest"]
[Date "2019.05.18"]
[Round "1.8"]
[White "Milliet, Sophie"]
[Black "Bolon, Karelle"]
[Result "1-0"]
[ECO "C00"]
[WhiteElo "2400"]
[BlackElo "2018"]
[Annotator "NA"]
[PlyCount "67"]
[EventDate "2019.05.18"]
[EventType "team-tourn"]
[EventCountry "FRA"]
[SourceTitle "playchess.com"]
[Source "ChessBase"]
[SourceQuality "1"]
[TimeControl "40/5400+30:1800+30"]

1. e4 e6 2. d4 d5 3. Bd3 dxe4 4. Bxe4 Nd7 5. Ne2 Ngf6 6. Bf3 c5 7. Be3 cxd4 $11 8. Nxd4 e5 9. Nb5 e4 10. Be2 Be7 11. Nd6+ Kf8 12. Nc3 Qa5 13. Qd2 Qb4 14. O-O-O Bxd6 15. a3 Qa5 16. Qxd6+ Kg8 17. Nd5 h6 18. Bc4 Kh7 19. Nc7 Rb8 20. Bxf7 Ne5 21. Bd5 Nd3+ 22. cxd3 Bg4 23. f3 exf3 24. Rd2 Rhc8 25. Rc2 Nxd5 26. Qxd5 fxg2 27. Qxg2 Rxc7 28. Qxg4 Rxc2+ 29. Kxc2 b5 30. Rg1 Qc7+ 31. Kb1 Qe7 32. Qg6+ Kh8 33. Bd4 Rb7 34. Qxh6+ 1-0

[Event "FRA-chT Top 12 2019"]
[Site "Brest"]
[Date "2019.05.18"]
[Round "1.8"]
[White "Leconte, Maria"]
[Black "Fruteau, Sabine"]
[Result "1-0"]
[ECO "C77"]
[WhiteElo "2246"]
[BlackElo "2015"]
[Annotator "NA"]
[PlyCount "99"]
[EventDate "2019.05.18"]
[EventType "team-tourn"]
[EventCountry "FRA"]
[SourceTitle "playchess.com"]
[Source "ChessBase"]
[SourceQuality "1"]
[TimeControl "40/5400+30:1800+30"]

1. e4 e5 2. Nf3 Nc6 3. Bb5 a6 4. Ba4 Nf6 5. Qe2 b5 6. Bb3 Be7 7. c3 O-O 8. O-O d6 9. h3 Na5 10. Bc2 c5 11. d3 Qc7 12. Nbd2 Re8 13. Re1 Bf8 14. Nf1 g6 15. Ng3 Bg7 16. Nh2 Nc6 17. Qf3 Kh8 18. Bg5 Ng8 19. h4 f6 20. Bd2 Be6 21. h5 g5 22. Ng4 Qf7 23. Nf5 Qxh5 24. Nxd6 Re7 25. Nf5 Bxf5 26. exf5 Rc8 27. Nxe5 Qxf3 28. Nxf3 Nh6 29. Be3 Nd8 30. Bxc5 Rxe1+ 31. Rxe1 Nb7 32. d4 Nxc5 33. dxc5 Bf8 34. b4 a5 35. Nd4 axb4 36. cxb4 Ra8 37. Bb3 Rd8 38. Rd1 Rb8 39. f3 Ng8 40. Be6 h5 41. Nc6 Rb7 42. Bd7 Bh6 43. Nd8 Ra7 44. c6 g4 45. Nf7+ Kg7 46. Nxh6 Kxh6 47. Rc1 Rc7 48. a4 Ne7 49. Rc5 bxa4 50. b5 1-0

[Event "FRA-chT Top 12 2019"]
[Site "Brest"]
[Date "2019.05.18"]
[Round "1.8"]
[White "Haussernot, Cecile"]
[Black "Adrian, Claude"]
[Result "1/2-1/2"]
[ECO "C15"]
[WhiteElo "2097"]
[BlackElo "2238"]
[Annotator "NA"]
[PlyCount "62"]
[EventDate "2019.05.18"]
[EventType "team-tourn"]
[EventCountry "FRA"]
[SourceTitle "playchess.com"]
[Source "ChessBase"]
[SourceQuality "1"]
[TimeControl "40/5400+30:1800+30"]

1. e4 e6 2. d4 d5 3. Nc3 Bb4 4. exd5 exd5 5. Bd3 Nc6 6. Nge2 Nf6 7. Bg5 h6 8. Bf4 O-O 9. Qd2 Ne4 10. Bxe4 dxe4 11. O-O-O Qe7 12. d5 Ne5 13. Qd4 Ng6 14. d6 Bxd6 15. Bxd6 cxd6 16. Qxe4 Be6 17. h4 Rac8 18. h5 Ne5 19. Rd4 Nc6 20. Rd3 d5 21. Qf4 Rfd8 22. Rg3 Qc7 23. Qxc7 Rxc7 24. Nb5 Rcc8 25. Nbd4 Nxd4 26. Nxd4 Rc4 27. c3 a6 28. Re1 Rd6 29. f4 Kf8 30. Rge3 Bd7 31. Re7 Rc8 1/2-1/2

[Event "FRA-chT Top 12 2019"]
[Site "Brest"]
[Date "2019.05.19"]
[Round "2.1"]
[White "Lagarde, Maxime"]
[Black "Donchenko, Alexander"]
[Result "0-1"]
[ECO "B23"]
[WhiteElo "2600"]
[BlackElo "2595"]
[Annotator "ChessBase"]
[PlyCount "188"]
[EventDate "2019.05.18"]
[EventType "team-tourn"]
[EventCountry "FRA"]
[SourceTitle "playchess.com"]
[Source "ChessBase"]
[SourceQuality "1"]
[TimeControl "40/5400+30:1800+30"]

1. e4 c5 2. Nc3 d6 3. d4 cxd4 4. Qxd4 Nc6 5. Qd2 g6 6. b3 Bh6 7. f4 f5 8. Bd3 fxe4 9. Bxe4 Nf6 10. Bxc6+ bxc6 11. Bb2 O-O 12. Nge2 e5 13. O-O-O d5 14. Kb1 Ng4 15. Na4 d4 16. Qb4 Ba6 17. Nxd4 exd4 18. Rxd4 Qc7 19. Nc5 Bc8 20. Re1 Nf6 21. g3 Bg7 22. Qc4+ Kh8 23. Ne6 Bxe6 24. Rxe6 Rae8 25. Rdd6 Rxe6 26. Rxe6 c5 27. a4 Qf7 28. a5 Rd8 29. Ra6 Nd5 30. Qxc5 Bxb2 31. Kxb2 Qg7+ 32. c3 Nxc3 33. Qe5 Qxe5 34. fxe5 Nb5 35. b4 Re8 36. e6 Kg7 37. Kb3 Kf6 38. Kc4 Rb8 39. Rc6 Ke7 40. Kd5 h5 41. h4 Rf8 42. Rc4 Rd8+ 43. Ke5 Rd6 44. g4 Rxe6+ 45. Kd5 Kd7 46. gxh5 gxh5 47. Rc1 Rg6 48. Rf1 Nd6 49. Rf8 Rh6 50. Rf1 Rh7 51. Rf6 Ne8 52. Rf5 Nc7+ 53. Kc5 Ne6+ 54. Kd5 a6 55. Rf6 Re7 56. Rf5 Rg7 57. Ke5 Rh7 58. Kd5 Nc7+ 59. Kc5 Rh6 60. Rf7+ Kc8 61. Rf8+ Kb7 62. Rf5 Rh8 63. Re5 Rh7 64. Rf5 Nb5 65. Rg5 Rh6 66. Rf5 Rc6+ 67. Kd5 Rd6+ 68. Kc5 Rh6 69. Rf7+ Nc7 70. Rf5 Rc6+ 71. Kd4 Rd6+ 72. Kc4 Rh6 73. Kc5 Rg6 74. Rxh5 Ne6+ 75. Kc4 Kc6 76. Kb3 Rg3+ 77. Kc4 Rg4+ 78. Kc3 Nc7 79. Rh6+ Kb5 80. h5 Nd5+ 81. Kd2 Nxb4 82. Rh8 Kxa5 83. h6 Rh4 84. h7 Rh3 85. Ke1 Ka4 86. Kf1 a5 87. Kg2 Rh6 88. Kf3 Nd5 89. Rd8 Rh3+ 90. Kf2 Rxh7 91. Rxd5 Re7 92. Rd4+ Kb3 93. Rd3+ Kc4 94. Ra3 Kb4 0-1

[Event "FRA-chT Top 12 2019"]
[Site "Brest"]
[Date "2019.05.19"]
[Round "2.3"]
[White "Wagner, Dennis"]
[Black "Bailet, Pierre"]
[Result "1/2-1/2"]
[ECO "A06"]
[WhiteElo "2578"]
[BlackElo "2466"]
[Annotator "RC"]
[PlyCount "96"]
[EventDate "2019.05.18"]
[EventType "team-tourn"]
[EventCountry "FRA"]
[SourceTitle "playchess.com"]
[Source "ChessBase"]
[SourceQuality "1"]
[TimeControl "40/5400+30:1800+30"]

1. Nf3 d5 2. e3 Nf6 3. c4 e6 4. Nc3 Be7 5. b3 O-O 6. Bb2 c5 7. cxd5 exd5 8. d4 Nc6 9. Be2 Bg4 10. dxc5 Bxc5 11. O-O Rc8 12. Rc1 Bd6 13. Nd4 Bxe2 14. Ncxe2 Re8 15. Qd3 Be5 16. Nxc6 bxc6 17. Bxe5 Rxe5 18. Rc2 c5 19. Rfc1 Qa5 20. Qc3 Qxc3 21. Rxc3 Ne4 22. Rd3 Nf6 23. f3 g5 24. Kf2 a5 25. g4 h5 26. gxh5 g4 27. fxg4 Nxg4+ 28. Kf3 Nf6 29. Nf4 Kh7 30. h4 Kh6 31. Rg1 c4 32. bxc4 Rxc4 33. Rb3 d4 34. exd4 Rxd4 35. Rg5 Re1 36. Ng2 Re6 37. Rxa5 Nxh5 38. Rxh5+ Kxh5 39. Nf4+ Kxh4 40. Nxe6 fxe6 41. Re3 Kg5 42. Rxe6 Ra4 43. Re2 Kf5 44. Kf2 Rf4+ 45. Ke1 Re4 46. Rxe4 Kxe4 47. Kd2 Kd4 48. Kc2 Kd5 1/2-1/2

[Event "FRA-chT Top 12 2019"]
[Site "Brest"]
[Date "2019.05.19"]
[Round "2.5"]
[White "Lefebvre, Herve"]
[Black "Maze, Sebastien"]
[Result "1-0"]
[ECO "B48"]
[WhiteElo "2291"]
[BlackElo "2579"]
[Annotator "RC"]
[PlyCount "73"]
[EventDate "2019.05.18"]
[EventType "team-tourn"]
[EventCountry "FRA"]
[SourceTitle "playchess.com"]
[Source "ChessBase"]
[SourceQuality "1"]
[TimeControl "40/5400+30:1800+30"]

1. e4 c5 2. Nf3 Nc6 3. d4 cxd4 4. Nxd4 e6 5. Nc3 Qc7 6. Be3 Nf6 7. f4 Nxd4 8. Qxd4 b6 9. Be2 Bb7 10. Bf3 Bc5 11. Qd3 Bb4 12. O-O Bxc3 13. bxc3 O-O 14. Bd4 d6 15. e5 Nd5 16. Be4 g6 17. Rae1 dxe5 18. Bxe5 Qc5+ 19. Bd4 Qd6 20. Be5 Qe7 21. c4 Nb4 22. Qd6 Qxd6 23. Bxd6 Bxe4 24. Rxe4 Na6 25. Bxf8 Kxf8 26. Rd4 Ke7 27. g4 f5 28. g5 h5 29. gxh6 Rh8 30. Rf3 Nc5 31. Rh3 Rh7 32. Kg2 e5 33. fxe5 Ne6 34. Ra3 a5 35. Rd6 Rxh6 36. Rxb6 Nf4+ 37. Kh1 1-0

[Event "FRA-chT Top 12 2019"]
[Site "Brest"]
[Date "2019.05.19"]
[Round "2.8"]
[White "Maisuradze, Nino"]
[Black "Fruteau, Sabine"]
[Result "1-0"]
[ECO "A36"]
[WhiteElo "2179"]
[BlackElo "2015"]
[Annotator "NA RC"]
[PlyCount "63"]
[EventDate "2019.05.18"]
[EventType "team-tourn"]
[EventCountry "FRA"]
[SourceTitle "playchess.com"]
[Source "ChessBase"]
[SourceQuality "1"]
[TimeControl "40/5400+30:1800+30"]

1. c4 c5 2. Nc3 Nc6 3. g3 g6 4. Bg2 Bg7 5. e3 e6 6. Nge2 Nge7 7. d4 cxd4 8. exd4 d5 9. c5 O-O 10. O-O b6 11. a3 bxc5 12. dxc5 a5 13. Rb1 Ba6 14. Re1 Rb8 15. Bd2 Bd3 16. Qa4 Bxb1 17. Rxb1 Qc8 18. b4 axb4 19. axb4 Ra8 20. Qd1 Ne5 21. Na4 Nc4 22. Bc3 Qa6 23. Bxg7 Kxg7 24. Nec3 Rfb8 25. Bf1 Kg8 26. b5 Qa5 27. Bxc4 dxc4 28. Qd4 Rd8 29. Qxc4 Nd5 30. b6 Nxc3 31. Nxc3 Rac8 32. c6 1-0

[Event "FRA-chT Top 12 2019"]
[Site "Brest"]
[Date "2019.05.19"]
[Round "2.8"]
[White "Bolon, Karelle"]
[Black "Skripchenko, Almira"]
[Result "0-1"]
[ECO "B20"]
[WhiteElo "2018"]
[BlackElo "2406"]
[Annotator "NA RC"]
[PlyCount "64"]
[EventDate "2019.05.18"]
[EventType "team-tourn"]
[EventCountry "FRA"]
[SourceTitle "playchess.com"]
[Source "ChessBase"]
[SourceQuality "1"]
[TimeControl "40/5400+30:1800+30"]

1. e4 c5 2. a3 e6 3. b4 cxb4 4. axb4 Bxb4 5. c3 Bf8 6. d4 d5 7. e5 Bd7 8. Bd3 Nc6 9. Ne2 h5 10. Nf4 Qb6 11. Na3 ({Not} 11. Nxh5 {[#]} Nxd4 $1 12. Nd2 Rc8 $17) 11... a6 12. Nxh5 (12. O-O $14) 12... Rc8 $11 13. Qg4 g6 14. Bxg6 fxg6 15. Qxg6+ Kd8 16. Ng7 Nce7 17. Qf7 Kc7 18. Rb1 Qc6 19. Rb3 Kb8 20. O-O Rh7 21. Bg5 Rxg7 22. Qh5 Be8 23. Qh4 Nf5 24. Qf4 Qa4 25. Rfb1 Bxa3 26. g4 Bg6 27. Rb6 Qc2 28. Bf6 Rgc7 29. gxf5 Bxf5 30. R6b3 Nxf6 31. exf6 Rg8+ 32. Kf1 Bd3+ 0-1

[Event "FRA-chT Top 12 2019"]
[Site "Brest"]
[Date "2019.05.20"]
[Round "3.3"]
[White "Gukesh D"]
[Black "Cornette, Matthieu"]
[Result "1-0"]
[ECO "A06"]
[WhiteElo "2533"]
[BlackElo "2553"]
[Annotator "RC"]
[PlyCount "65"]
[EventDate "2019.05.18"]
[EventType "team-tourn"]
[EventCountry "FRA"]
[SourceTitle "playchess.com"]
[Source "ChessBase"]
[SourceQuality "1"]
[TimeControl "40/5400+30:1800+30"]

1. Nf3 d5 2. g3 Nf6 3. Bg2 c5 4. O-O e6 5. c4 d4 6. e3 Nc6 7. exd4 cxd4 8. d3 Bd6 9. Bg5 h6 10. Bxf6 Qxf6 11. Nbd2 Qe7 12. a3 a5 13. Ne4 Bc7 14. c5 O-O 15. Nfd2 f5 16. Nd6 Bxd6 17. cxd6 Qxd6 18. Nc4 Qc7 19. Re1 Bd7 20. Rc1 Ra6 21. Re2 Re8 22. Qe1 Qb8 23. f4 b5 24. Nd2 a4 25. b4 Qd6 26. Nf3 Rc8 27. Rec2 Ra7 28. Ne5 Rac7 29. Nxc6 Bxc6 30. Qe5 Qd7 31. h4 Kf7 32. Bxc6 Rxc6 33. Qxb5 1-0